 Dungeon Crawl Stone Soup version 0.25.0-11-g1f837a76a1 (webtiles) character file.

Game seed: 7801445303606707192

2237 MisterFreud the Cleaver (level 9, -2/78 HPs)
             Began as a Deep Dwarf Fighter on June 27, 2020.
             Was a Believer of Makhleb.
             Slain by a porcupine (10 damage)
             ... on level 8 of the Dungeon.
             The game lasted 00:06:48 (3936 turns).

MisterFreud the Cleaver (Deep Dwarf Fighter)        Turns: 3936, Time: 00:06:49

Health: -2/78      AC:  7    Str: 23    XL:     9   Next: 14%
Magic:  9/9        EV:  7    Int:  9    God:    Makhleb [**....]
Gold:   227        SH: 10    Dex: 12    Spells: 8/8 levels left

rFire    . . .     SeeInvis .   a - +0 war axe
rCold    . . .     Gourm    .   c - +0 kite shield
rNeg     . . .     Faith    .   b - +0 scale mail
rPois    .         Spirit   .   (no helmet)
rElec    .         Reflect  .   (no cloak)
rCorr    .         Harm     .   (no gloves)
MR       +....                  (no boots)
Stlth    ..........             (no amulet)
HPRegen  0.00/turn              (no ring)
MPRegen  0.11/turn              (no ring)

@: non-regenerating
A: damage resistance, heal wounds, sense surroundings 2, no regeneration
a: Heal Wounds, Minor Destruction, Renounce Religion


You were on level 8 of the Dungeon.
You worshipped Makhleb.
Makhleb was pleased with you.
You were not hungry.

You visited 2 branches of the dungeon, and saw 8 of its levels.
You also visited: Sewer.

You collected 227 gold pieces.

Inventory:

Hand Weapons
 a - a +0 war axe (weapon)
Armour
 b - a +0 scale mail (worn)
 c - a +0 kite shield (worn)
Wands
 m - a wand of random effects (9)
 y - a wand of flame (18)
Scrolls
 g - a scroll of fear {unknown}
 h - 3 scrolls of enchant armour {unknown}
 k - 10 scrolls of identify {unknown}
 l - 4 scrolls of amnesia {unknown}
 o - 3 scrolls of remove curse {unknown}
 p - a scroll of magic mapping {unknown}
 q - a scroll of enchant weapon {unknown}
 s - 8 scrolls of teleportation {unknown}
 t - a scroll of immolation {unknown}
Potions
 d - a potion of might
 e - 2 potions of lignification {unknown}
 i - 4 potions of curing {unknown}
 j - 2 potions of degeneration {unknown}
 n - a potion of stabbing {unknown}
 r - a potion of resistance {unknown}
 u - a potion of heal wounds {unknown}
 w - a potion of flight {unknown}
 x - 2 potions of brilliance {unknown}
Comestibles
 f - 11 rations
 v - 12 chunks of flesh


   Skills:
 + Level 3.7 Fighting
 - Level 10.0 Axes
 + Level 4.5 Armour
 + Level 4.4 Shields
 - Level 6.0 Invocations
 - Level 6.0 Evocations


You had 8 spell levels left.
You didn't know any spells.
Your spell library was empty.

Dungeon Overview and Level Annotations

Branches:
Dungeon (8/15)             Temple (1/1) D:4           Sewer (visited)
   Lair: D:8-11

Altars:
Ashenzari
Cheibriados
Elyvilon
Fedhas
Gozag
Hepliaklqana
Kikubaaqudgha
Makhleb
Nemelex Xobeh
Okawaru
Qazlal
Ru
Sif Muna
Trog
Uskayaw
Vehumet
Wu Jian
Xom
Yredelemnul
Zin
The Shining One


Innate Abilities, Weirdness & Mutations

You are resistant to damage.
You can heal yourself by infusing magical energy.
You passively map the area around you.
You do not regenerate.


Message History

You now have 227 gold pieces (gained 15).
A porcupine is nearby!
A porcupine is nearby!
You are too injured to fight recklessly!
You are too injured to fight recklessly!
You are too injured to fight recklessly!
You slash the porcupine!
The porcupine is heavily wounded.
The porcupine bites you.
You are struck by the porcupine's spines.
* * * LOW HITPOINT WARNING * * *
You closely miss the porcupine.
The porcupine is heavily wounded.
The porcupine closely misses you.
You are struck by the porcupine's spines.
* * * LOW HITPOINT WARNING * * *
You hit the porcupine.
The porcupine is severely wounded.
The porcupine bites you!
You die...

,, , * * * , **..*
* , .,, ,.. * * , ,
.. *#. , ** * * *
>* ...###.## ,, ,
......., , , , ^ ,
, ....#* * * * *
*######r.# #* ,,,
.......@##.##..#
................,
,,
*######..##.#.... ,
#######..##.#....,
, * ,
,................ ,
, ###..##(##.....#*
, * ,
#............. , ,
#####...#..#......
, , ,
..................,


You could see a porcupine.

Vanquished Creatures
  A centaur skeleton (D:8)
  A basilisk (D:8)
  Edmund (D:6)
  A porcupine (D:8)
  2 black bears (D:6)
  2 phantoms (D:6)
  2 big kobolds (Sewer)
  A gnoll sergeant (D:8)
  5 bullfrogs
  A scorpion (D:4)
  A crimson imp (D:6)
  2 hounds
  A bullfrog skeleton (D:8)
  An orc wizard (D:4)
  Jessica (D:2)
  5 worker ants (D:6)
  Natasha (thrice) (D:3)
  8 gnolls
  10 adders
  A river rat (Sewer)
  2 oozes (Sewer)
  4 worms
  2 dart slugs
  6 leopard geckos
  6 orcs
  4 ball pythons
  10 bats
  6 giant cockroaches
  7 goblins
  14 hobgoblins
  5 kobolds
  6 quokkas
  3 frilled lizards (D:2)
  A leopard gecko skeleton (D:4)
  A quokka skeleton (D:8)
  13 rats
140 creatures vanquished.

Vanquished Creatures (others)
  7 plants (D:8)
7 creatures vanquished.

Grand Total: 147 creatures vanquished

Notes
Turn   | Place    | Note
-------+----------+-------------------------------------------
     0 | D:1      | MisterFreud the Deep Dwarf Fighter began the quest for the
                  | Orb.
     0 | D:1      | Reached XP level 1. HP: 20/20 MP: 1/1
   183 | D:1      | Reached skill level 3 in Axes
   183 | D:1      | Reached XP level 2. HP: 21/27 MP: 2/2
   564 | D:1      | Reached XP level 3. HP: 20/33 MP: 3/3
   938 | D:2      | Found a stormy altar of Qazlal.
   958 | D:2      | Reached skill level 4 in Axes
   985 | D:2      | Noticed Jessica
   999 | D:2      | Killed Jessica
   999 | D:2      | Reached skill level 5 in Axes
   999 | D:2      | Reached XP level 4. HP: 17/40 MP: 3/3
  1508 | D:3      | Noticed Natasha
  1511 | D:3      | Killed Natasha
  1511 | D:3      | Reached XP level 5. HP: 32/46 MP: 4/4
  1550 | D:3      | Reached skill level 6 in Axes
  1652 | D:3      | Noticed Natasha
  1662 | D:3      | Killed Natasha
  1724 | D:3      | Noticed Natasha
  1733 | D:3      | Killed Natasha
  1931 | D:4      | Found a staircase to the Ecumenical Temple.
  1960 | Temple   | Entered the Ecumenical Temple
  1996 | Temple   | Became a worshipper of Makhleb the Destroyer
  2055 | D:4      | Reached skill level 7 in Axes
  2055 | D:4      | Reached XP level 6. HP: 26/55 MP: 4/4
  2089 | D:4      | You fall into a shaft and drop 2 floors!
  2333 | D:6      | Found a glowing drain.
  2341 | D:6      | Noticed Edmund
  2347 | Sewer    | Entered a sewer
  2353 | Sewer    | Reached skill level 8 in Axes
  2461 | Sewer    | Reached XP level 7. HP: 39/61 MP: 5/5
  2602 | Sewer    | Reached * piety under Makhleb
  2664 | D:6      | Killed Edmund
  2664 | D:6      | Reached skill level 9 in Axes
  2726 | D:6      | Found a bloodstained altar of Trog.
  2762 | D:6      | Reached skill level 10 in Axes
  2762 | D:6      | Reached skill level 1 in Invocations
  2905 | D:6      | Reached XP level 8. HP: 37/68 MP: 4/7
  3019 | D:6      | Reached skill level 5 in Invocations
  3158 | D:6      | Reached skill level 1 in Evocations
  3896 | D:8      | Reached ** piety under Makhleb
  3896 | D:8      | Gained mutation: You passively map the area around you.
                  | [Deep Dwarf growth]
  3896 | D:8      | Reached XP level 9. HP: 62/76 MP: 9/9
  3936 | D:8      | Slain by a porcupine

Illustrated notes

Levels and vault maps discovered:
D:1:      ncdulo_lavacross, layout_basic, serial_forest,
          infiniplex_forest_lined_corner, infiniplex_forest_lined_2,
          infiniplex_forest_end_2, infiniplex_forest_lined_3
D:2:      layout_loops_ring, first_ration, grunt_qazlal_clouds, uniq_jessica
D:3:      layout_rooms, uniq_natasha
D:4:      layout_cave_pools, nicolae_dithmenos_the_darkroom,
          minmay_temple_entry_mist, serial_shops, shop_statue
D:6:      minmay_bubble_buster, layout_layer_cave,
          cheibrodos_sewer_entry_sluice, trog_ov_bears_minmay, uniq_edmund
D:7:      layout_basic, uniq_harold, uniq_duvessa
D:8:      layout_basic, minmay_lair_entry_grove, grunt_ministairs_7
Temple:   dpeg_three_leaves_temple

Skill      XL: |  1  2  3  4  5  6  7  8 |
---------------+-------------------------+-----
Axes           | 3 5 7 8 10 | 10.0
Invocations    | 3 6 |  6.0
Evocations     | 6 |  6.0
Fighting       | 3 |  3.7
Armour         | 4 |  4.5
Shields        | 4 |  4.4

Action                   |  1- 3 |  4- 6 |  7- 9 || total
-------------------------+-------+-------+-------++-------
Melee: War axe           |   100 |   191 |   277 ||   568
 Abil: Heal Wounds       |     1 |     5 |     8 ||    14
  Eat: Chunk             |       |     6 |     5 ||    11
Armor: Scale mail        |    57 |    61 |   110 ||   228
Dodge: Dodged            |    39 |    61 |    62 ||   162
Block: Kite shield       |    54 |   112 |   135 ||   301
